 Dungeon Crawl Stone Soup version 0.20-a0-336-g7b05759 (webtiles) character file.

299 Da5id the Chiller (level 5, 0/38 HPs)
             Began as a Demigod Ice Elementalist on Dec 21, 2016.
             Succumbed to a worker ant's poison
             ... on level 4 of the Dungeon.
             The game lasted 00:08:14 (5150 turns).

Da5id the Chiller (Demigod Ice Elementalist)        Turns: 5150, Time: 00:08:14

Health: 0/38       AC:  4    Str: 11    XL:     5   Next: 89%
Magic:  12/12      EV: 18    Int: 26    God:
Gold:   115        SH:  0    Dex: 21    Spells: 5/9 levels left

rFire  . . .     SeeInvis .     D - +1 whip (distort)
rCold  . . .     Gourm    .     a - +0 robe
rNeg   . . .     Faith    .     (no shield)
rPois  .         Spirit   .     (no helmet)
rElec  .         Reflect  .     v - +0 cloak
rCorr  .         Harm     .     s - +0 pair of gloves
MR     .....                    (no boots)
Stlth  +++.......               (no amulet)
                                (no ring)
                                y - +3 ring of slaying

@: brilliant, agile, lethally poisoned (0 -> 0), very slightly contaminated,
hasted, very quick
A: high mp 1
a: no special abilities


You were on level 4 of the Dungeon.
You were not hungry.

You visited 1 branch of the dungeon, and saw 4 of its levels.

You collected 115 gold pieces.

Inventory:

Hand Weapons
 d - a +2 dagger of venom
 f - a +0 club
 D - a +1 whip of distortion (weapon)
Armour
 a - a +0 robe (worn)
 s - a +0 pair of gloves (worn)
 v - a +0 cloak (worn)
Jewellery
 y - a +3 ring of slaying (left hand)
Wands
 l - a wand of random effects (23/48)
Scrolls
 e - 3 scrolls of teleportation {unknown}
 h - a scroll of identify {unknown}
 i - 2 scrolls of remove curse {unknown}
 j - 2 scrolls of immolation {unknown}
 o - 2 scrolls of noise {unknown}
 p - a scroll of enchant weapon {unknown}
 r - a scroll of random uselessness {unknown}
 x - a scroll of enchant armour {unknown}
 C - a scroll of fear {unknown}
Potions
 q - a potion of cancellation
 u - a potion of lignification
Books
 b - a book of Frost

   Spells                             Type                      Level
   a - Freeze                         Ice                          1
   b - Throw Frost                    Conjuration/Ice              2
   c - Ozocubu's Armour               Charms/Ice                   3
   d - Throw Icicle                   Conjuration/Ice              4
   e - Summon Ice Beast               Ice/Summoning                4
Comestibles
 c - a bread ration
 k - 6 fruits
 m - 2 beef jerkies
 w - a chunk of flesh
 A - a slice of pizza


   Skills:
 + Level 0.0 Maces & Flails
 - Level 1.7 Dodging
 - Level 1.7 Stealth
 + Level 2.9 Spellcasting
   Level 0.8 Conjurations
 - Level 2.2 Charms
 - Level 5.1 Ice Magic


You had 5 spell levels left.
You knew the following spells:

 Your Spells              Type           Power        Failure   Level  Hunger
a - Freeze                Ice            ####         1%          1    None
b - Ozocubu's Armour      Chrm/Ice       #####...     1%          3    ###....


Dungeon Overview and Level Annotations

Branches:
Dungeon (4/15)
 Temple: D:4-7


Innate Abilities, Weirdness & Mutations

You have an increased reservoir of magic. (+10% MP)


Message History

You feel clever all of a sudden.
It was a potion of flight.
Your roots keep you in place.
It was a potion of agility.
You feel agile all of a sudden.
It was a potion of cure mutation.
It has a very clean taste.
Okay, then.
You start resting.
* * * LOW HITPOINT WARNING * * *
You feel sick.
Your transformation is almost over.
* * * LOW HITPOINT WARNING * * *
You feel sick.
* * * LOW HITPOINT WARNING * * *
You feel sick.
Unknown command.
You feel less wooden.
Your +0 cloak unmelds from your body.
Your +0 pair of gloves unmelds from your body.
Your +0 robe unmelds from your body.
You die...

####......#.#...#>#
#.####.#.##.##.#
#.##.#
#.#.........##.#####
......
##.#........#.......#
#.##.#
#.......#.......###.##
#..#.##.###.#.##.....#
#.......# #.....a##..#
#.##..#.# ###.#####..#
#. #..#.#####..@))...#
#.
#.........######.....
#. .....####.###
#.#... ###.####.....#
#...o. #.....# .##..o.
#.....# . ...#.
#.....# .. .###.#
#.....# #######


There were no monsters in sight!

Vanquished Creatures
  2 orc priests (D:4)
  A worker ant (D:4)
  8 adders
  3 oozes
  2 worms
  3 dart slugs
  5 leopard geckos
  13 orcs
  8 bats
  5 giant cockroaches
  6 goblins
  10 hobgoblins
  13 jackals
  7 kobolds
  A quokka (D:2)
  2 ball pythons
  2 frilled lizards (D:2)
  10 rats
101 creatures vanquished.

Notes
Turn   | Place    | Note
-------+----------+-------------------------------------------
     0 | D:1      | Da5id the Demigod Ice Elementalist began the quest for the Orb.
     0 | D:1      | Reached XP level 1. HP: 14/14 MP: 5/5
   165 | D:1      | Reached skill level 3 in Ice Magic
   500 | D:1      | Reached XP level 2. HP: 12/20 MP: 4/7
  1750 | D:1      | Reached XP level 3. HP: 26/26 MP: 8/8
  1776 | D:1      | Learned a level 3 spell: Ozocubu's Armour
  1939 | D:1      | Reached skill level 4 in Ice Magic
  3121 | D:2      | Reached XP level 4. HP: 33/33 MP: 9/9
  3459 | D:3      | Reached skill level 1 in Charms
  4056 | D:3      | Reached skill level 5 in Ice Magic
  4354 | D:3      | Reached XP level 5. HP: 34/38 MP: 10/10
  5125 | D:4      | HP: 2/57 [poisoned by a worker ant]
  5132 | D:4      | HP: 1/57 [poisoned by a worker ant]
  5138 | D:4      | HP: 1/57 [poisoned by a worker ant]
  5144 | D:4      | HP: 1/57 [poisoned by a worker ant]
  5150 | D:4      | Succumbed to a worker ant's poison

Vault maps used:
D:1:      erik_arrival_blinker_ship
D:4:      nicolae_overflow_hidden_temple, makhleb_altar_promises_db

Skill      XL: |  1  2  3  4  5 |
---------------+----------------+-----
Ice Magic      | 3 4 5 |  5.1
Charms         | 1 2 |  2.2
Spellcasting   | 2 |  2.9
Dodging        | |  1.7
Stealth        | |  1.7
Conjurations   | |  0.8

Action                   |  1- 3 |  4- 6 || total
-------------------------+-------+-------++-------
Melee: Unarmed           |    19 |       ||    19
       Dagger            |    76 |   141 ||   217
       Club              |    10 |       ||    10
       Whip              |       |     2 ||     2
 Cast: Freeze            |    36 |    12 ||    48
       Ozocubu's Armour  |     4 |     3 ||     7
  Use: Potion            |     1 |     7 ||     8
 Stab: Sleeping          |     4 |     3 ||     7
       Distracted        |     1 |       ||     1
  Eat: Chunk             |     7 |     6 ||    13
       Royal jelly       |       |     1 ||     1
Armor: Robe              |    31 |    26 ||    57
Dodge: Dodged            |    92 |   106 ||   198
